 Dungeon Crawl Stone Soup version 0.26-a0-451-gacbe401039 (webtiles) character file.

Game seed: 3121086126009699472

3505 Conn the Sneak (level 10, 0/63 HPs)
             Began as an Octopode Hedge Wizard on July 28, 2020.
             Was a Follower of Sif Muna.
             Hit by a stone thrown by an orc warrior (16 damage)
             ... on level 8 of the Dungeon.
             The game lasted 00:27:06 (9664 turns).

Conn the Sneak (Octopode Hedge Wizard)              Turns: 9664, Time: 00:27:07

Health: 0/63       AC:  5    Str:  9      XL:     10   Next: 7%
Magic:  19/28      EV: 16    Int: 20 (21) God:    Sif Muna [*.....]
Gold:   408        SH:  0    Dex: 16      Spells: 10/21 levels left

rFire    + . .     SeeInvis +   v - +7 flail of Offence {flame, Dex+3}
rCold    + . .     Faith    .   (no shield)
rNeg     . . .     Spirit   .   b - +0 hat
rPois    .         Reflect  .   (no amulet)
rElec    .         Harm     .   p - +4 ring of protection
rCorr    .                      F - +4 ring of slaying
MR       .....                  I - ring of protection from cold
Stlth    +++++.....             K - ring of magical power
HPRegen  0.20/turn              M - ring of protection from fire
MPRegen  0.21/turn              (no ring)
                                (no ring)
                                (no ring)

@: no status effects
A: almost no armour, stealthy swim, amphibious, 8 rings, constrict 8, camouflage
1, see invisible, clever 1, deterioration 1, gelatinous body 1
a: Channel Magic, Renounce Religion


You were on level 8 of the Dungeon.
You worshipped Sif Muna.
Sif Muna was aware of your devotion.
You visited 2 branches of the dungeon, and saw 9 of its levels.

You collected 508 gold pieces.
You spent 100 gold pieces at shops.

Inventory:

Hand Weapons
 a - a +0 dagger
 f - the +4 hand axe of a treasure trove {venom, rPois SInv}
   (You took it off an orc on level 3 of the Dungeon)

   It poisons the flesh of those it strikes.
   It protects you from poison.
   It lets you see invisible.
 l - a +0 short sword
 q - a +2 hunting sling of flaming
 u - a +2 short sword of venom
 v - the +7 flail of Offence (weapon) {flame, Dex+3}
   (You found it on level 4 of the Dungeon)

   It has been specially enchanted to burn those struck by it, causing extra
   injury to most foes and up to half again as much damage against particularly
   susceptible opponents.
   It affects your dexterity (+3).
Missiles
 c - 58 poisoned darts (quivered)
Armour
 b - a +0 hat (worn)
 k - a +0 kite shield
Jewellery
 p - a +4 ring of protection (left tentacle)
 t - an uncursed ring of ice
 F - a +4 ring of slaying (right tentacle)
 I - a ring of protection from cold (on tentacle)
 K - a ring of magical power (on tentacle)
 M - a ring of protection from fire (on tentacle)
Wands
 g - a wand of polymorph (14)
 x - a wand of digging (5)
 y - a wand of acid (5)
 A - a wand of paralysis (9)
Scrolls
 d - 2 scrolls of immolation {unknown}
 e - 4 scrolls of teleportation {unknown}
 h - 3 scrolls of enchant weapon {unknown}
 i - 2 scrolls of fear {unknown}
 j - 2 scrolls of noise {unknown}
 m - 7 scrolls of remove curse {unknown}
 n - 7 scrolls of identify {unknown}
 o - 2 scrolls of blinking {unknown}
 z - a scroll of magic mapping {unknown}
 C - 2 scrolls of fog {unknown}
 E - 2 scrolls of amnesia {unknown}
 J - 2 scrolls of enchant armour {unknown}
Potions
 r - a potion of resistance
 s - a potion of stabbing
 w - 2 potions of curing
 B - a potion of magic
 D - 2 potions of might
 G - a potion of heal wounds
 H - a potion of ambrosia
 L - a potion of lignification


   Skills:
 + Level 3.8 Fighting
 + Level 1.4 Short Blades
 + Level 7.4(7.6) Axes
 + Level 2.3(5.3) Maces & Flails
 + Level 0.6 Throwing
 + Level 4.4 Dodging
 + Level 7.7 Stealth
 + Level 6.4 Spellcasting
 + Level 3.8 Conjurations
 + Level 2.6 Summonings
 + Level 1.4 Translocations
 + Level 0.3 Fire Magic
 + Level 1.1 Air Magic
 + Level 2.0 Poison Magic


You had 10 spell levels left.
You knew the following spells:

 Your Spells              Type           Power        Failure   Level
a - Magic Dart            Conj           ###.         1%          1
b - Blink                 Tloc           N/A          9%          2
c - Call Imp              Summ           ###.....     4%          2
d - Conjure Flame         Conj/Fire      ##......     13%         3
e - Mephitic Cloud        Conj/Pois/Air  ###.....     12%         3

Your spell library contained the following spells:

 Spells                   Type           Power        Failure   Level
 Slow                     Hex            #.......     16%         2


Dungeon Overview and Level Annotations

Branches:
Dungeon (8/15)             Temple (1/1) D:6
   Lair: D:8-11

Altars:
Cheibriados
Dithmenos
Elyvilon
Fedhas
Gozag
Hepliaklqana
Kikubaaqudgha
Makhleb
Okawaru
Qazlal
Sif Muna
Uskayaw
Vehumet
Wu Jian
Xom
Yredelemnul
Zin
The Shining One
Beogh

Shops:
D:5 *   D:6 !

Annotations:
D:3 Misa's ghost, amateur DEFE


Innate Abilities, Weirdness & Mutations

You cannot wear most types of armour.
You are very stealthy in the water. (Stealth+)
You are amphibious.
You can wear up to eight rings at the same time.
You can use your tentacles to constrict eight enemies at once.
Your skin changes colour to match your surroundings (Stealth+).
Your rubbery body absorbs attacks. (AC +1, EV +1)
You have supernaturally acute eyesight. (SInv)
Your mind is acute. (Int +2)
Your body sometimes deteriorates upon taking damage.


Message History

The orc priest hits you but does no damage.
The orc closely misses you.
You hit the orc priest. You burn the orc priest.
You kill the orc priest!
Sif Muna accepts your kill. The orc hits you with a +0 flail.
* * * LOW HITPOINT WARNING * * *
You closely miss the orc. You grab the orc. You squeeze the orc!
You kill the orc!
Sif Muna accepts your kill.
You start resting.
Your magical contamination has completely faded away.
Casting: Magic Dart (safe; 1% risk of failure)
Confirm with . or Enter, or press ? or * to list all spells.
You can't see any susceptible monsters within range! (Use Z to cast anyway.)
You feel much better.
The orc warrior throws a stone.
The stone hits you!
* * * LOW HITPOINT WARNING * * *
Your body deteriorates!
You feel dopey.
The orc warrior throws a stone.
The stone hits you!
You die...

#...............
#............o..
#...............
#......o).......
+...............
#.....<.††......
..#######o#######
#†.....)..(+
#.(....).@.#
#..........#
###+##.###.# #.#
### #.. #... #...
####


You could see an orc warrior.

Vanquished Creatures
  Prince Ribbit (D:5)
  A human (shapeshifter) (D:7)
  A steam dragon (D:7)
  2 insubstantial wisps (D:7)
  An orc warrior (D:7)
  6 sky beasts (D:7)
  A black bear (D:7)
  An ice beast (D:5)
  An ogre (D:7)
  A phantom (D:4)
  A centaur (D:8)
  A big kobold (D:5)
  3 bullfrogs (D:7)
  A gnoll sergeant (D:7)
  A wyvern skeleton (D:6)
  A water moccasin skeleton (D:6)
  A scorpion (D:4)
  11 killer bees
  A howler monkey (D:6)
  A quasit (D:5)
  2 jellies (D:5)
  10 orc wizards
  2 orc priests
  A bullfrog skeleton (D:5)
  A hound (D:5)
  2 worker ants
  2 hound zombies
  7 adders
  3 shadow imps
  2 white imps (D:5)
  2 ufetubi
  An ooze (D:4)
  2 adder skeletons
  3 worms
  2 dart slugs (D:1)
  4 leopard geckos
  20 orcs
  6 bats
  5 giant cockroaches
  9 goblins
  6 hobgoblins
  5 jackals
  17 kobolds
  4 quokkas
  2 ball pythons
  3 frilled lizards
  A jackal zombie (D:5)
  A quokka skeleton (D:5)
  A quokka zombie (D:6)
  10 rats
  A bush (D:5)
  A plant (D:5)
176 creatures vanquished.

Vanquished Creatures (collateral kills)
  2 killer bees
  An orc wizard (D:4)
  9 orcs (D:3)
12 creatures vanquished.

Grand Total: 188 creatures vanquished

Notes
Turn   | Place    | Note
-------+----------+-------------------------------------------
     0 | D:1      | Conn the Octopode Hedge Wizard began the quest for the Orb.
     0 | D:1      | Reached XP level 1. HP: 11/11 MP: 4/4
   283 | D:1      | Reached XP level 2. HP: 16/17 MP: 1/6
  1016 | D:1      | Reached XP level 3. HP: 22/22 MP: 8/8
  1657 | D:2      | Learned a level 2 spell: Blink
  1660 | D:2      | Learned a level 2 spell: Call Imp
  1664 | D:2      | Learned a level 3 spell: Conjure Flame
  1932 | D:2      | Reached XP level 4. HP: 18/27 MP: 9/9
  2048 | D:2      | Found a faded altar of an unknown god.
  2177 | D:3      | Found a glowing silver altar of Zin.
  2343 | D:3      | Found a runed translucent gate.
  2343 | D:3      | Found a runed translucent gate.
  2343 | D:3      | Identified the +4 hand axe of a treasure trove {venom,
                  | rPois SInv}
  2343 | D:3      | Identified the +1 ring mail of Jucer {Harm rF- MR+ Int+7}
  2344 | D:3      | Found a roughly hewn altar of Beogh.
  2344 | D:3      | Found a runed translucent gate.
  2344 | D:3      | Noticed Misa's ghost (amateur DEFE)
  2423 | D:3      | Found an ancient bone altar of Kikubaaqudgha.
  3014 | D:3      | Reached skill level 1 in Short Blades
  3248 | D:3      | Reached XP level 5. HP: 32/32 MP: 10/10
  4041 | D:3      | Gained mutation: Your body sometimes deteriorates upon
                  | taking damage. [potion of mutation]
  4041 | D:3      | Gained mutation: You have supernaturally acute eyesight.
                  | (SInv) [potion of mutation]
  4041 | D:3      | Gained mutation: Your mind is acute. (Int +2) [potion of
                  | mutation]
  4370 | D:4      | Learned a level 3 spell: Mephitic Cloud
  4406 | D:4      | Found a shimmering altar of Xom.
  4432 | D:4      | Got an encrusted flail
  4433 | D:4      | Identified the +7 flail of Offence {flame, Dex+3} (You
                  | found it on level 4 of the Dungeon)
  4578 | D:4      | Reached skill level 5 in Stealth
  4578 | D:4      | Reached XP level 6. HP: 24/37 MP: 8/12
  4893 | D:4      | Noticed a phantom
  4904 | D:4      | Killed a phantom
  4904 | D:4      | Reached skill level 1 in Fighting
  5418 | D:5      | Entered Level 5 of the Dungeon
  5418 | D:5      | Noticed an ice beast
  5476 | D:5      | Killed an ice beast
  5476 | D:5      | Reached skill level 1 in Axes
  5661 | D:5      | Reached XP level 7. HP: 34/43 MP: 14/14
  5730 | D:5      | Reached skill level 5 in Spellcasting
  5948 | D:5      | Found a glowing golden altar of the Shining One.
  6211 | D:5      | Noticed Prince Ribbit
  6243 | D:5      | Killed Prince Ribbit
  6534 | D:5      | Found a burning altar of Makhleb.
  6540 | D:5      | Reached XP level 8. HP: 49/49 MP: 14/16
  6637 | D:5      | Found Tiril's General Store.
  6900 | D:5      | Found a glowing golden altar of the Shining One.
  6973 | D:6      | Found Iddavof's Distillery.
  7106 | D:6      | Found a blossoming altar of Fedhas.
  7358 | D:6      | Bought a potion of heal wounds for 50 gold pieces
  7358 | D:6      | Bought a potion of heal wounds for 50 gold pieces
  7475 | D:6      | Found a hide-covered altar of Uskayaw.
  7657 | D:6      | Found a staircase to the Ecumenical Temple.
  7662 | Temple   | Entered the Ecumenical Temple
  7758 | Temple   | Became a worshipper of Sif Muna the Loreminder
  8198 | D:7      | Found a glowing golden altar of the Shining One.
  8229 | D:7      | Reached skill level 5 in Axes
  8386 | D:7      | Reached XP level 9. HP: 55/55 MP: 3/17
  8391 | D:7      | Reached * piety under Sif Muna
  8654 | D:7      | Reached skill level 1 in Poison Magic
  8700 | D:7      | Reached skill level 1 in Air Magic
  9186 | D:7      | Found an opulent altar of Gozag.
  9186 | D:7      | Found a snail-covered altar of Cheibriados.
  9187 | D:7      | Found a transporter.
  9195 | D:7      | Found a transporter.
  9625 | D:8      | Reached skill level 1 in Maces & Flails
  9632 | D:8      | Reached XP level 10. HP: 51/63 MP: 19/19
  9664 | D:8      | Hit by a stone thrown by an orc warrior

Illustrated notes

Levels and vault maps discovered:
D:1:      eino_arrival_tree_alley, layout_loops_cross
D:2:      layout_rooms, chequers_ecumenical_altar_island
D:3:      layout_basic, overflow_temple_1_default, kiku_gazebo_garden_becter,
          biasface_ghost_orc_armoury, chequers_avenue
D:4:      layout_rooms, overflow_temple_1_default
D:5:      layout_loops_ring, makhleb_heckhound_becter, kennysheep_mini,
          serial_shops, shop, basic_altar, lexackson_kobold_supper,
          uniq_prince_ribbit1
D:6:      layout_gridville, old_standard_altar, eat_drink_and_be_merry_uskayaw,
          minmay_temple_entry_nine_rooms, serial_shops, shop
D:7:      layout_rooms, gammafunk_temple_overflow_arena, basic_altar,
          hangedman_decor_lopped, hangedman_misty_isle
D:8:      layout_gridville, lemuel_doored_altar
Temple:   jpeg_temple_island

Skill      XL: |  1  2  3  4  5  6  7  8  9 10 |
---------------+-------------------------------+-----
Stealth        | 3 4 5 6 7 |  7.7
Short Blades   | 1 |  1.4
Spellcasting   | 4 5 6 |  6.4
Fighting       | 1 2 3 |  3.8
Axes           | 1 2 5 7 |  7.4
Conjurations   | 2 3 |  3.8
Summonings     | 2 |  2.6
Dodging        | 3 4 |  4.4
Poison Magic   | 1 2 |  2.0
Air Magic      | 1 |  1.1
Maces & Flails | 1 2 |  2.3
Throwing       | |  0.6
Translocations | |  1.4
Fire Magic     | |  0.3

Action                   |  1- 3 |  4- 6 |  7- 9 | 10-12 || total
-------------------------+-------+-------+-------+-------++-------
Melee: Dagger            |    13 |       |       |       ||    13
       Constrict         |    12 |    20 |    42 |     3 ||    77
       Short sword       |    34 |    49 |       |       ||    83
       Tentacles         |     8 |    13 |    34 |     2 ||    57
       Hand axe          |       |    55 |   190 |       ||   245
       Flail             |       |       |    20 |    10 ||    30
Throw: Dart              |       |     4 |       |       ||     4
 Cast: Magic Dart        |    49 |    48 |    34 |     5 ||   136
       Call Imp          |       |    11 |     4 |       ||    15
       Blink             |       |     3 |     3 |       ||     6
       Conjure Flame     |       |     1 |       |       ||     1
       Mephitic Cloud    |       |       |     7 |     1 ||     8
Evoke: Wand              |       |       |     1 |     1 ||     2
  Use: Potion            |       |     8 |     5 |     1 ||    14
 Stab: Sleeping          |     8 |     9 |     8 |       ||    25
       Confused          |       |       |     1 |       ||     1
Armor: Skin              |     9 |    18 |    47 |       ||    74
Dodge: Dodged            |    24 |    59 |   156 |    13 ||   252

Table legend: (Time is in decaauts)
 A = Elapsed time spent in this place.
 B = Non-inter-level travel time spent in this place.
 C = Inter-level travel time spent in this place.
 D = Time resting spent in this place.
 E = Time spent auto-exploring this place.
 F = Levels seen in this place.
 G = Mean time per level.
                   A        B        C        D        E       F      G
               +--------+--------+--------+--------+--------+-----+--------+
         Total |   9717 |   9464 |    253 |   1651 |   5492 |   9 | 1079.7 |
       Dungeon |   9593 |   9367 |    226 |   1651 |   5407 |   8 | 1199.1 |
        Temple |    123 |     96 |     27 |      0 |     85 |   1 |  123.0 |
               +--------+--------+--------+--------+--------+-----+--------+

Top non-repeatable levels by time:
     D:3: 2170 daAuts
     D:5: 1560 daAuts
     D:7: 1423 daAuts
     D:1: 1180 daAuts
     D:6: 1121 daAuts
     D:4: 1093 daAuts
     D:2: 998 daAuts
  Temple: 123 daAuts
     D:8: 46 daAuts
